 Dungeon Crawl Stone Soup version 0.28-a0-8-g6e044cfa68 (webtiles) character file.

Game seed: 646716456535975942

38 sanka the Changer (level 3, 0/23 HPs)
             Began as an Octopode Transmuter on July 24, 2021.
             Succumbed to an adder's poison
             ... on level 2 of the Dungeon.
             The game lasted 00:02:05 (1814 turns).

sanka the Changer (Octopode Transmuter)             Turns: 1814, Time: 00:02:05

Health: 0/23       AC:  1    Str:  9    XL:     3   Next: 43%
Magic:  15/15      EV: 13    Int: 15    God:
Gold:   23         SH:  0    Dex: 13    Spells: 3/6 levels left

rFire   . . .      SeeInvis .   c - +0 short sword (elec)
rCold   + . .      Faith    .   (no shield)
rNeg    . . .      Spirit   .   (helmet currently unavailable)
rPois   .          Reflect  .   (no amulet)
rElec   .          Harm     .   a - ring of magical power
rCorr   .          Rampage  .   g - ring of protection from cold
Will    .....                   (no ring)
Stlth   ++........              (no ring)
HPRegen 0.07/turn               (no ring)
MPRegen 0.14/turn               (no ring)
                                (no ring)
                                (no ring)

@: brilliant, lethally poisoned (0 -> -5), appendages (expiring)
A: tentacle spike 3, almost no armour, amphibious, 8 rings, camouflage 1,
gelatinous body 1, (nimble swimmer 1), tentacles
a: End Transformation


You were on level 2 of the Dungeon.
One of your tentacles had grown a beastly spike.
You visited 1 branch of the dungeon, and saw 2 of its levels.

You collected 23 gold pieces.


Innate Abilities, Weirdness & Mutations

One of your tentacles has grown a beastly spike.
You cannot wear most types of armour.
You are amphibious.
You can wear up to eight rings at the same time.
Your skin changes colour to match your surroundings (Stealth+).
Your rubbery body absorbs attacks. (AC +1, EV +1)
((You are camouflaged near water. (Stealth+)))
You have tentacles for arms and can constrict up to eight enemies at once.


   Skills:
 - Level 1.0 Fighting
 - Level 2.0 Dodging
 - Level 3.0 Unarmed Combat
 - Level 2.0 Spellcasting
 + Level 3.2 Transmutations
 + Level 1.9 Poison Magic


You had 3 spell levels left.
You knew the following spells:

 Your Spells              Type           Power      Damage    Failure   Level
y - Wereblood             Tmut           16%        N/A       9%          2
z - Beastly Appendage     Tmut           32%        N/A       6%          1

Your spell library contained the following spells:

 Spells                   Type           Power      Damage    Failure   Level
 Spider Form              Tmut/Pois      6%         N/A       22%         3
 Ice Form                 Ice/Tmut       9%         N/A       75%         4

Inventory:

Hand Weapons
 c - a +0 short sword of electrocution (weapon)
Jewellery
 a - a ring of magical power (left tentacle)
 g - a ring of protection from cold (right tentacle)
Scrolls
 b - a scroll of identify {unknown}
 d - a scroll of enchant weapon {unknown}
 e - a scroll of vulnerability {unknown}

Dungeon Overview and Level Annotations

Branches:
Dungeon (2/15)

Altars:

▒ ▒.▒ ▒.▒▒▒▒▒▒▒ ▒ ▒▒.▒▒
▒........ ▒
▒▒...▒▒▒▒▒▒▒▒.....▒▒▒▒
▒▒▒▒.....▒.........▒.....
÷..........▒▒▒▒▒.....▒
.▒▒▒.....▒▒▒ ▒..▒▒▒▒
.▒▒▒▒<.)▒▒ ▒..▒
.......▒▒▒▒▒▒▒▒▒†.▒▒
.▒▒▒▒▒..........x..▒
.▒▒▒▒▒▒▒............▒
.........▒▒▒▒▒▒▒..£▒▒
..▒▒▒▒▒▒▒▒ ▒▒..▒ ..▒ ▒..▒
.(▒ ▒..▒ ..▒ ▒..▒ ..▒ ..▒
..▒


There were no monsters in sight!


Message History

You are lethally poisoned!
The adder poisons you! The adder bites you.
* * * LOW HITPOINT WARNING * * *
You barely miss the adder.
Your tentacle spike misses the adder.
The adder is severely wounded.
You constrict the adder.
* * * LOW HITPOINT WARNING * * *
You feel very sick. The bat hits you but does no damage.
The adder barely misses you.
You hit the adder.
You kill the adder!
* * * LOW HITPOINT WARNING * * *
You feel sick. The bat hits you but does no damage.
Unknown command.
Unknown command.
You hit the bat.
You kill the bat!
Your transformation is almost over.
* * * LOW HITPOINT WARNING * * *
You feel sick.
Unknown command.
It was a potion of brilliance.
You feel clever all of a sudden.
* * * LOW HITPOINT WARNING * * *
You feel sick.
You die...

Action                   || total
-------------------------++-------
Melee: Unarmed           ||    20
       Constrict         ||    14
       Tentacles         ||     7
       Kick              ||     4
       Short sword       ||    35
 Cast: Beastly Appendage ||     8
  Use: Potion            ||     1
 Stab: Sleeping          ||     4
Armor: Skin              ||     9
Dodge: Dodged            ||    37

Levels and vault maps discovered:
D:1:      dpeg_arrival_long_road, layout_basic,
          shapermc_ecumenical_altar_totnotflames, serial_park_tiny_pond
D:2:      layout_loops_ring, minmay_bisected, uniq_terence

Notes
Turn   | Place    | Note
-------+----------+-------------------------------------------
     0 | D:1      | sanka the Octopode Transmuter began the quest for the Orb.
     0 | D:1      | Reached XP level 1. HP: 13/13 MP: 3/3
   158 | D:1      | Found a faded altar of an unknown god.
   561 | D:1      | Reached XP level 2. HP: 18/18 MP: 5/5
   576 | D:1      | Learned a level 2 spell: Wereblood
  1080 | D:1      | Reached skill level 1 in Poison Magic
  1539 | D:2      | Reached skill level 3 in Transmutations
  1539 | D:2      | Reached XP level 3. HP: 6/23 MP: 6/6
  1812 | D:2      | HP: 2/23 [poisoned by an adder]
  1814 | D:2      | Succumbed to an adder's poison

Vanquished Creatures
  2 adders (D:2)
  2 hobgoblins (D:1)
  A kobold (D:1)
  4 ball pythons (D:1)
  6 bats
  3 frilled lizards (D:1)
  2 goblins (D:1)
  3 rats (D:1)
23 creatures vanquished.
